General information
- name: BNet
- type: Ladder team game (AT/RT)
- host: Battle.net
- saver: Yellow
map: MarketSquare
- players: 8
- length: 64:01
- speed: Fast
- version: 1.26 W3XP
- replay type: Public
» download(307 KB)
Players
team 1 (loser)
Carkeys (
blue | 72 APM | 2423 actions | 33:48)
6 Crypt Lord
1 Carrion Beetles
3 Impale
1 Spiked Carapace
1 Locust Swarm
5 Death Knight
2 Death Coil
3 Unholy Aura
3 Lich
2 Frost Nova
1 Frost Armor
» actions
| Assign group hotkey | 201 | |
| Basic commands | 4 | |
| Build / train | 146 | |
| ESC pressed | 1 | |
| Enter build submenu | 27 | |
| Enter hero's abilities submenu | 16 | |
| Give item / drop item | 1 | |
| Remove unit from queue | 2 | |
| Right click | 1099 | |
| Select / deselect | 504 | |
| Select group hotkey | 302 | |
| Use ability | 120 | |
2423 total
» units
| Acolyte | 9 | |
| Ghoul | 7 | |
| Crypt Fiend | 13 | |
| Frost Wyrm | 12 | |
41 total
» upgrades
| Web | 0 | |
| Creature Attack | 3 | |
| Creature Carapace | 3 | |
| Freezing Breath | 1 | |
7 total
» buildings
| Graveyard | 1 | |
| Crypt | 1 | |
| Ziggurat | 13 | |
| Altar of Darkness | 1 | |
| Tomb of Relics | 2 | |
| Nerubian Tower | 8 | |
| Necropolis | 1 | |
| Halls of the Dead | 2 | |
| Spirit Tower | 13 | |
| Black Citadel | 3 | |
| Sacrificial Pit | 1 | |
| Boneyard | 3 | |
49 total
» build order
00:19 Graveyard
00:23 Crypt
00:40 Ziggurat
00:58 Altar of Darkness
01:14 Ziggurat
01:57 Tomb of Relics
02:24 Nerubian Tower
02:24 Nerubian Tower
02:25 Nerubian Tower
04:57 Necropolis
05:24 Halls of the Dead
06:28 Ziggurat
06:30 Ziggurat
07:33 Ziggurat
07:36 Ziggurat
08:01 Spirit Tower
08:01 Spirit Tower
08:02 Spirit Tower
08:02 Spirit Tower
08:49 Black Citadel
08:49 Black Citadel
08:50 Black Citadel
08:57 Nerubian Tower
08:57 Nerubian Tower
08:58 Nerubian Tower
09:52 Sacrificial Pit
10:37 Ziggurat
11:25 Spirit Tower
11:25 Spirit Tower
11:34 Boneyard
11:38 Boneyard
12:42 Boneyard
13:01 Spirit Tower
13:03 Ziggurat
13:05 Ziggurat
13:23 Spirit Tower
13:25 Ziggurat
17:06 Spirit Tower
17:06 Spirit Tower
20:19 Ziggurat
20:21 Ziggurat
20:23 Ziggurat
25:28 Tomb of Relics
» items
| Rod of Necromancy | 1 | |
| Sacrificial Skull | 1 | |
| Dust of Appearance | 2 | |
| Scroll of Healing | 6 | |
| Potion of Lesser Invulnerability | 5 | |
| Scroll of Protection | 2 | |
| Orb of Corruption | 1 | |
| Potion of Healing | 1 | |
| Potion of Invisibility | 1 | |
| Boots of Speed | 1 | |
| Scroll of Town Portal | 1 | |
22 total
GILAVILADILA (
yellow | 41 APM | 2607 actions | 63:59)
8 Archmage
3 Summon Water Elemental
3 Brilliance Aura
1 Mass Teleport
1 Blizzard
1 Paladin
1 Divine Shield
» actions
| Assign group hotkey | 40 | |
| Basic commands | 74 | |
| Build / train | 90 | |
| Enter build submenu | 28 | |
| Enter hero's abilities submenu | 8 | |
| Give item / drop item | 6 | |
| Remove unit from queue | 7 | |
| Right click | 1110 | |
| Select / deselect | 384 | |
| Select group hotkey | 740 | |
| Use ability | 120 | |
2607 total
» units
| Peasant | 24 | |
| Footman | 4 | |
| Gryphon Rider | 5 | |
| Dragonhawk Rider | 1 | |
34 total
» upgrades
| Lumber Harvesting | 2 | |
| Storm Hammers | 1 | |
| Masonry | 2 | |
| Swords | 2 | |
| Armor | 2 | |
| Animal War Training | 1 | |
| Cloud | 1 | |
11 total
» buildings
| Altar of Kings | 1 | |
| Barracks | 2 | |
| Farm | 10 | |
| Town Hall | 3 | |
| Lumber Mill | 4 | |
| Keep | 2 | |
| Castle | 2 | |
| Gryphon Aviary | 6 | |
| Blacksmith | 1 | |
| Arcane Vault | 1 | |
| Scout Tower | 13 | |
| Guard Tower | 3 | |
48 total
» build order
00:07 Altar of Kings
00:21 Barracks
00:37 Farm
00:51 Farm
01:38 Farm
03:36 Town Hall
03:42 Lumber Mill
03:50 Lumber Mill
04:04 Lumber Mill
05:21 Keep
05:44 Town Hall
07:46 Castle
08:16 Gryphon Aviary
08:19 Gryphon Aviary
08:47 Gryphon Aviary
09:19 Farm
09:19 Farm
10:35 Farm
10:36 Farm
10:36 Farm
11:59 Lumber Mill
12:03 Barracks
12:08 Blacksmith
15:50 Keep
16:02 Arcane Vault
18:22 Scout Tower
18:23 Scout Tower
18:23 Scout Tower
18:25 Scout Tower
19:02 Gryphon Aviary
19:29 Scout Tower
19:30 Scout Tower
19:31 Scout Tower
19:31 Scout Tower
19:32 Scout Tower
19:33 Scout Tower
19:34 Scout Tower
19:34 Scout Tower
19:35 Scout Tower
20:26 Guard Tower
20:50 Guard Tower
21:27 Castle
21:30 Gryphon Aviary
21:30 Gryphon Aviary
44:34 Farm
44:42 Town Hall
» items
| Staff of Teleportation | 2 | |
| Potion of Lesser Invulnerability | 1 | |
| Boots of Speed | 1 | |
| Scroll of Town Portal | 3 | |
| Scroll of Healing | 1 | |
| Scroll of Regeneration | 2 | |
| Potion of Healing | 2 | |
| Tome of Retraining | 1 | |
| Staff of Sanctuary | 1 | |
14 total

»
g00dz (
teal | 32 APM | 2018 actions | 63:59)
6 Paladin
2 Holy Light
2 Devotion Aura
1 Divine Shield
1 Resurrection
4 Mountain King
2 Storm Bolt
2 Bash
» actions
| Assign group hotkey | 36 | |
| Basic commands | 74 | |
| Build / train | 98 | |
| Enter build submenu | 33 | |
| Enter hero's abilities submenu | 10 | |
| Right click | 645 | |
| Select / deselect | 414 | |
| Select group hotkey | 582 | |
| Use ability | 126 | |
2018 total
» units
| Peasant | 19 | |
| Footman | 7 | |
| Rifleman | 9 | |
| Siege Engine | 8 | |
| Knight | 11 | |
54 total
» upgrades
| Gunpowder | 3 | |
| Plating | 3 | |
| Defend | 1 | |
| Armor | 1 | |
| Long Rifles | 1 | |
| Masonry | 3 | |
| Barrage | 1 | |
| Swords | 2 | |
| Magic Sentry | 1 | |
| Lumber Harvesting | 2 | |
18 total
» buildings
| Altar of Kings | 1 | |
| Farm | 13 | |
| Barracks | 1 | |
| Blacksmith | 1 | |
| Arcane Vault | 1 | |
| Keep | 1 | |
| Lumber Mill | 1 | |
| Castle | 1 | |
| Workshop | 2 | |
| Scout Tower | 4 | |
| Arcane Sanctum | 1 | |
| Arcane Tower | 3 | |
30 total
» build order
00:09 Altar of Kings
00:20 Farm
00:40 Barracks
01:04 Farm
01:46 Blacksmith
01:58 Farm
02:40 Arcane Vault
03:36 Farm
03:46 Farm
04:36 Farm
05:51 Keep
06:28 Lumber Mill
09:20 Farm
10:07 Farm
10:09 Castle
11:08 Workshop
11:28 Farm
13:39 Workshop
21:25 Scout Tower
21:28 Scout Tower
21:43 Arcane Sanctum
24:30 Arcane Tower
27:23 Scout Tower
27:29 Scout Tower
27:58 Arcane Tower
29:12 Arcane Tower
31:03 Farm
31:45 Farm
32:26 Farm
33:30 Farm
» items
| Lesser Clarity Potion | 3 | |
| Scroll of Regeneration | 3 | |
| Scroll of Town Portal | 1 | |
| Potion of Healing | 2 | |
9 total
EyeCnewbs (
red | 38 APM | 859 actions | 22:48)
4 Archmage
2 Blizzard
2 Brilliance Aura
» actions
| Basic commands | 26 | |
| Build / train | 91 | |
| Enter build submenu | 18 | |
| Enter hero's abilities submenu | 4 | |
| Give item / drop item | 2 | |
| Remove unit from queue | 2 | |
| Right click | 321 | |
| Select / deselect | 303 | |
| Use ability | 92 | |
859 total
» units
| Peasant | 25 | |
| Mortar Team | 21 | |
| Siege Engine | 1 | |
| Dragonhawk Rider | 18 | |
65 total
» upgrades
| Gunpowder | 3 | |
| Flare | 1 | |
| Armor | 3 | |
| Fragmentation Shards | 1 | |
| Swords | 0 | |
| Barrage | 1 | |
| Cloud | 1 | |
10 total
» buildings
| Lumber Mill | 1 | |
| Farm | 7 | |
| Scout Tower | 1 | |
| Altar of Kings | 1 | |
| Arcane Tower | 1 | |
| Blacksmith | 1 | |
| Keep | 1 | |
| Castle | 1 | |
| Workshop | 3 | |
| Gryphon Aviary | 3 | |
| Arcane Vault | 1 | |
21 total
» build order
00:23 Lumber Mill
01:07 Farm
01:23 Scout Tower
01:43 Farm
01:50 Altar of Kings
01:52 Arcane Tower
02:21 Blacksmith
02:50 Keep
02:57 Farm
03:34 Farm
03:44 Farm
04:13 Farm
04:28 Farm
05:12 Castle
05:16 Workshop
05:20 Workshop
05:25 Workshop
15:47 Gryphon Aviary
15:50 Gryphon Aviary
15:51 Gryphon Aviary
16:30 Arcane Vault
» items
| Boots of Speed | 1 | |
| Circlet of Nobility | 2 | |
| Scroll of Protection | 1 | |
4 total
team 2 (winner)
DaHeathen (
purple | 36 APM | 2280 actions | 63:59)
10 Blademaster
3 Wind Walk
3 Critical Strike
1 Bladestorm
3 Mirror Image
» actions
| Assign group hotkey | 29 | |
| Basic commands | 114 | |
| Build / train | 76 | |
| Enter build submenu | 71 | |
| Enter hero's abilities submenu | 10 | |
| Give item / drop item | 1 | |
| Right click | 1277 | |
| Select / deselect | 292 | |
| Select group hotkey | 188 | |
| Use ability | 222 | |
2280 total
» units
| Peon | 33 | |
| Grunt | 4 | |
| Troll Witch Doctor | 1 | |
| Troll Batrider | 4 | |
42 total
» upgrades
| Reinforced Defenses | 1 | |
| Ranged Weapons | 3 | |
| Armor | 3 | |
| Liquid Fire | 1 | |
| Envenomed Spears | 1 | |
9 total
» buildings
| Orc Burrow | 3 | |
| Altar of Storms | 1 | |
| Barracks | 1 | |
| Voodoo Lounge | 2 | |
| Stronghold | 1 | |
| War Mill | 2 | |
| Great Hall | 3 | |
| Watch Tower | 52 | |
| Fortress | 1 | |
| Spirit Lodge | 1 | |
| Beastiary | 3 | |
70 total
» build order
00:13 Orc Burrow
00:40 Orc Burrow
01:10 Altar of Storms
01:13 Barracks
02:15 Voodoo Lounge
02:50 Stronghold
03:50 War Mill
05:07 Great Hall
05:14 Watch Tower
05:15 Watch Tower
05:15 Watch Tower
06:27 Orc Burrow
07:25 Fortress
10:48 Watch Tower
10:48 Watch Tower
10:48 Watch Tower
10:49 Watch Tower
11:27 War Mill
12:01 Watch Tower
12:01 Watch Tower
12:08 Watch Tower
12:08 Watch Tower
12:08 Watch Tower
12:10 Watch Tower
12:13 Watch Tower
13:30 Spirit Lodge
15:53 Great Hall
16:29 Watch Tower
16:29 Watch Tower
16:30 Watch Tower
16:30 Watch Tower
16:31 Watch Tower
16:32 Watch Tower
16:32 Watch Tower
16:38 Watch Tower
16:40 Watch Tower
16:40 Watch Tower
16:49 Watch Tower
16:49 Watch Tower
16:49 Watch Tower
19:40 Watch Tower
19:40 Watch Tower
19:41 Watch Tower
19:47 Watch Tower
19:47 Watch Tower
19:50 Watch Tower
19:50 Watch Tower
22:09 Watch Tower
22:12 Watch Tower
22:15 Watch Tower
22:15 Watch Tower
22:25 Voodoo Lounge
27:36 Great Hall
27:46 Watch Tower
27:46 Watch Tower
27:47 Watch Tower
27:47 Watch Tower
27:49 Watch Tower
27:50 Watch Tower
27:50 Watch Tower
27:54 Watch Tower
27:55 Watch Tower
27:56 Watch Tower
27:57 Watch Tower
30:19 Beastiary
30:19 Beastiary
30:20 Beastiary
» items
| Healing Salve | 1 | |
| Scroll of Town Portal | 6 | |
| Orb of Corruption | 1 | |
| Potion of Healing | 2 | |
| Periapt of Vitality | 1 | |
| Orb of Lightning | 1 | |
12 total
Yellow (
orange | 105 APM | 6753 actions | 64:01)
9 Archmage
3 Summon Water Elemental
3 Brilliance Aura
1 Mass Teleport
2 Blizzard
» actions
| Assign group hotkey | 82 | |
| Basic commands | 202 | |
| Build / train | 209 | |
| ESC pressed | 9 | |
| Enter build submenu | 59 | |
| Enter hero's abilities submenu | 9 | |
| Give item / drop item | 7 | |
| Remove unit from queue | 2 | |
| Right click | 1615 | |
| Select / deselect | 539 | |
| Select group hotkey | 3570 | |
| Use ability | 450 | |
6753 total
» units
| Peasant | 23 | |
| Footman | 7 | |
| Gryphon Rider | 7 | |
| Siege Engine | 4 | |
| Dragonhawk Rider | 1 | |
42 total
» upgrades
| Masonry | 4 | |
| Swords | 3 | |
| Armor | 3 | |
| Lumber Harvesting | 2 | |
| Animal War Training | 1 | |
| Storm Hammers | 1 | |
| Cloud | 1 | |
| Barrage | 1 | |
| Fragmentation Shards | 1 | |
| Plating | 3 | |
| Gunpowder | 3 | |
| Backpack | 1 | |
| Long Rifles | 1 | |
| Defend | 1 | |
| Flak Cannons | 1 | |
| Flare | 1 | |
| Flying Machine Bombs | 1 | |
29 total
» buildings
| Altar of Kings | 1 | |
| Barracks | 1 | |
| Farm | 9 | |
| Arcane Vault | 1 | |
| Lumber Mill | 1 | |
| Town Hall | 4 | |
| Scout Tower | 36 | |
| Keep | 3 | |
| Blacksmith | 6 | |
| Castle | 4 | |
| Gryphon Aviary | 4 | |
| Guard Tower | 55 | |
| Workshop | 2 | |
| Ziggurat | 2 | |
| Cannon Tower | 2 | |
131 total
» build order
00:53 Altar of Kings
00:56 Barracks
00:57 Farm
01:08 Farm
01:17 Farm
02:02 Arcane Vault
02:08 Lumber Mill
02:16 Farm
03:16 Farm
04:11 Town Hall
04:13 Scout Tower
04:14 Scout Tower
04:15 Scout Tower
04:17 Scout Tower
04:39 Keep
04:39 Keep
05:27 Blacksmith
07:03 Castle
07:03 Castle
07:03 Castle
07:05 Gryphon Aviary
07:08 Guard Tower
07:09 Guard Tower
07:09 Guard Tower
07:28 Guard Tower
07:29 Guard Tower
07:29 Guard Tower
07:52 Guard Tower
07:53 Guard Tower
07:58 Scout Tower
08:01 Scout Tower
09:50 Gryphon Aviary
09:52 Gryphon Aviary
09:53 Gryphon Aviary
12:02 Scout Tower
12:03 Scout Tower
12:04 Scout Tower
12:05 Scout Tower
12:07 Scout Tower
12:08 Scout Tower
12:09 Scout Tower
12:09 Scout Tower
12:14 Guard Tower
12:15 Guard Tower
12:16 Scout Tower
12:17 Scout Tower
12:21 Scout Tower
12:23 Scout Tower
12:25 Scout Tower
12:27 Scout Tower
12:30 Scout Tower
12:43 Guard Tower
12:43 Guard Tower
12:43 Guard Tower
13:02 Farm
13:16 Guard Tower
13:16 Guard Tower
13:16 Guard Tower
13:16 Guard Tower
14:12 Guard Tower
14:13 Guard Tower
14:13 Guard Tower
14:45 Guard Tower
14:45 Guard Tower
14:47 Guard Tower
14:48 Guard Tower
14:48 Guard Tower
15:35 Town Hall
15:39 Scout Tower
15:40 Scout Tower
15:41 Scout Tower
15:42 Scout Tower
15:45 Scout Tower
15:46 Scout Tower
15:48 Scout Tower
15:50 Scout Tower
15:51 Scout Tower
15:51 Scout Tower
15:53 Scout Tower
15:54 Scout Tower
16:14 Guard Tower
16:15 Guard Tower
16:44 Guard Tower
16:45 Guard Tower
16:45 Guard Tower
16:45 Guard Tower
16:46 Guard Tower
18:16 Guard Tower
18:17 Guard Tower
18:26 Guard Tower
18:26 Guard Tower
18:26 Guard Tower
18:36 Workshop
18:41 Workshop
20:36 Ziggurat
20:36 Ziggurat
22:34 Farm
22:34 Farm
22:35 Farm
33:13 Town Hall
33:50 Town Hall
44:16 Scout Tower
44:17 Scout Tower
44:19 Scout Tower
44:20 Blacksmith
44:20 Blacksmith
44:22 Blacksmith
44:24 Blacksmith
44:25 Blacksmith
45:16 Cannon Tower
45:16 Cannon Tower
45:17 Guard Tower
45:17 Guard Tower
» items
| Healing Salve | 2 | |
| Periapt of Vitality | 1 | |
| Staff of Teleportation | 1 | |
| Scroll of Town Portal | 4 | |
| Scroll of Regeneration | 8 | |
| Ivory Tower | 3 | |
| Staff of Sanctuary | 1 | |
| Potion of Lesser Invulnerability | 1 | |
| Mechanical Critter | 3 | |
| Potion of Healing | 1 | |
25 total
gila16 (
green | 22 APM | 1390 actions | 63:59)
6 Blademaster
3 Critical Strike
2 Wind Walk
1 Bladestorm
6 Shadow Hunter
3 Healing Wave
3 Serpent Ward
6 Far Seer
2 Chain Lighting
3 Feral Spirit
1 Earth Quake
» actions
| Assign group hotkey | 13 | |
| Basic commands | 506 | |
| Build / train | 71 | |
| Enter build submenu | 37 | |
| Enter hero's abilities submenu | 18 | |
| Right click | 58 | |
| Select / deselect | 289 | |
| Select group hotkey | 276 | |
| Use ability | 122 | |
1390 total
» units
| Peon | 12 | |
| Wind Rider | 7 | |
| Acolyte | 1 | |
20 total
» upgrades
| Spiked Barricades | 3 | |
| Reinforced Defenses | 1 | |
| Envenomed Spears | 1 | |
| Ranged Weapons | 3 | |
| Armor | 3 | |
| Melee Weapons | 3 | |
| War Drums Damage Increase | 1 | |
| Ensnare | 1 | |
| Liquid Fire | 1 | |
17 total
» buildings
| Orc Burrow | 6 | |
| Altar of Storms | 1 | |
| War Mill | 1 | |
| Voodoo Lounge | 1 | |
| Watch Tower | 35 | |
| Stronghold | 1 | |
| Fortress | 1 | |
| Great Hall | 1 | |
| Beastiary | 3 | |
50 total
» build order
00:14 Orc Burrow
00:33 Altar of Storms
01:35 War Mill
01:50 Orc Burrow
02:45 Voodoo Lounge
03:36 Watch Tower
04:03 Watch Tower
04:16 Stronghold
04:25 Watch Tower
05:14 Watch Tower
05:16 Watch Tower
05:26 Orc Burrow
05:35 Watch Tower
06:41 Watch Tower
06:57 Watch Tower
07:30 Watch Tower
08:23 Watch Tower
08:32 Watch Tower
08:35 Watch Tower
08:42 Watch Tower
08:55 Watch Tower
09:03 Fortress
10:08 Great Hall
10:19 Watch Tower
10:25 Watch Tower
10:27 Watch Tower
10:45 Watch Tower
11:05 Watch Tower
12:26 Watch Tower
12:27 Watch Tower
12:28 Watch Tower
12:29 Watch Tower
12:32 Watch Tower
13:01 Watch Tower
13:06 Watch Tower
17:52 Watch Tower
17:54 Watch Tower
17:55 Watch Tower
17:59 Watch Tower
18:14 Watch Tower
18:15 Watch Tower
18:17 Watch Tower
18:18 Watch Tower
18:19 Watch Tower
22:43 Beastiary
22:48 Beastiary
24:15 Beastiary
24:19 Orc Burrow
24:21 Orc Burrow
24:22 Orc Burrow
» items
| Healing Salve | 2 | |
| Orb of Lightning | 4 | |
| Potion of Healing | 3 | |
| Scroll of Town Portal | 2 | |
11 total
homelessbob (
pink | 42 APM | 793 actions | 18:48)
2 Crypt Lord
1 Carrion Beetles
1 Impale
2 Lich
1 Frost Nova
1 Frost Armor
1 Death Knight
1 Death Coil
» actions
| Assign group hotkey | 21 | |
| Basic commands | 36 | |
| Build / train | 83 | |
| Enter build submenu | 17 | |
| Enter hero's abilities submenu | 5 | |
| Give item / drop item | 1 | |
| Remove unit from queue | 1 | |
| Right click | 227 | |
| Select / deselect | 148 | |
| Select group hotkey | 230 | |
| Use ability | 24 | |
793 total
» units
| Acolyte | 10 | |
| Ghoul | 8 | |
| Crypt Fiend | 12 | |
| Necromancer | 3 | |
33 total
» upgrades
| Creature Attack | 3 | |
| Web | 1 | |
| Creature Carapace | 3 | |
| Freezing Breath | 1 | |
| Skeletal Longevity | 1 | |
| Necromancer Training | 2 | |
| Skeletal Mastery | 1 | |
| Unholy Strength | 1 | |
| Unholy Armor | 1 | |
14 total
» buildings
| Crypt | 1 | |
| Ziggurat | 9 | |
| Altar of Darkness | 1 | |
| Nerubian Tower | 3 | |
| Graveyard | 1 | |
| Halls of the Dead | 2 | |
| Spirit Tower | 8 | |
| Tomb of Relics | 1 | |
| Black Citadel | 2 | |
| Temple of the Damned | 1 | |
| Sacrificial Pit | 1 | |
| Boneyard | 1 | |
31 total
» build order
00:12 Crypt
00:14 Ziggurat
00:43 Altar of Darkness
01:11 Nerubian Tower
01:31 Ziggurat
03:28 Graveyard
03:31 Ziggurat
05:10 Halls of the Dead
05:10 Halls of the Dead
05:36 Ziggurat
05:39 Ziggurat
05:46 Ziggurat
05:58 Ziggurat
06:10 Spirit Tower
06:10 Spirit Tower
06:16 Spirit Tower
06:16 Spirit Tower
06:43 Spirit Tower
06:46 Nerubian Tower
06:47 Nerubian Tower
06:53 Spirit Tower
06:54 Spirit Tower
07:01 Spirit Tower
07:26 Tomb of Relics
08:01 Black Citadel
08:02 Black Citadel
08:31 Temple of the Damned
10:12 Sacrificial Pit
11:08 Boneyard
12:11 Ziggurat
12:17 Ziggurat
» items
Chat log
(00:52 / All) DaHeathen: Marvel sucks
(00:57 / All) g00dz: agree
(00:59 / All) DaHeathen: 2000ad >>>
(01:47 / Allies) DaHeathen: backdoor beauty?
(02:28 / Allies) DaHeathen: backdoor beauty?
(02:44 / Allies) Yellow: backdoor beauty?
(02:54 / Allies) gila16: so plan???
(02:57 / Allies) gila16: tech?
(02:59 / Allies) DaHeathen: backdoor beauty?
(03:01 / Allies) Yellow: TECH TOWER EXPAND
(03:09 / Allies) gila16: got it orange
(03:50 / Allies) Yellow: got a pendant of nrg
(03:59 / Allies) Yellow: purp want?
(04:03 / Allies) DaHeathen: yes
(04:20 / Allies) DaHeathen: danke
(04:45 / Allies) gila16: may I have that expo??
(04:49 / Allies) gila16: please?
(04:51 / Allies) DaHeathen: nope
(04:51 / Allies) Yellow: nice claws +9 too
(04:55 / Allies) Yellow: you expo here
(05:04 / Allies) gila16: clear it for me then please
(05:05 / Allies) DaHeathen: move ele
(06:01 / Allies) Yellow: cleared
(06:05 / Allies) gila16: ty
(07:16 / All) DaHeathen: nice mh fags
(07:37 / Allies) Yellow: got claws +6 if you want
(07:43 / Allies) gila16: i want
(07:49 / Allies) Yellow: I meant purp but if he doesn't want you can have
(08:18 / Allies) Yellow: k prup doesnt want you can have come to my am
(08:24 / Allies) DaHeathen: HOLY FUCKING SHIT
(08:32 / Allies) Yellow: nice
(08:37 / Allies) Yellow: two claws +9 on your bm and pendant
(08:39 / Allies) Yellow: lucky ass
(08:47 / Allies) DaHeathen: gonna let them take mid?
(08:56 / Allies) Yellow: PINBK GREEN ALL CREE MID
(09:13 / Allies) Yellow: PINK DUMB NOOB
(09:15 / All) Yellow: COME CREEP MIDDLE
(09:17 / Allies) Yellow: UR UNITS
(09:19 / Allies) Yellow: MIDDLE
(09:20 / Allies) Yellow: NOOB
(09:24 / All) Yellow: NOT U GUYS
(09:26 / All) Yellow: I MEAN OUR TEAM
(09:29 / All) g00dz: LOL
(10:19 / Allies) Yellow: I got tome of power but I think better on am anyway
(10:22 / All) DaHeathen: teal got my exp tome too
(10:24 / Allies) Yellow: meant to click item to give to you rather than pink
(10:31 / Allies) Yellow: I took that
(10:32 / Allies) Yellow: not teal wut
(11:23 / Allies) gila16: they coming for me???
(11:44 / Allies) Yellow: grubts
(13:18 / Allies) Yellow: wood me
(13:29 / Allies) Yellow: NOOB PINK
(13:30 / Allies) Yellow: WOOD
(13:31 / Allies) Yellow: NOW
(13:37 / Allies) Yellow: ty
(13:43 / Allies) Yellow: shocked you knew how to do that
(14:10 / Allies) Yellow: grunts
(16:11 / Allies) gila16: anyone got spare wood???
(16:20 / Allies) Yellow: I wish
(16:28 / Allies) Yellow: wyrmbot
(16:41 / Allies) Yellow: ty
(16:46 / Allies) gila16: hit blue
(17:01 / Allies) gila16: come pink
(17:20 / All) Yellow: one control group noob
(17:24 / All) Yellow: amy all move with dk
(17:37 / All) Yellow: your army beats 6 gryphons btw
(17:40 / All) Yellow: why did you back up noob
(17:53 / All) Yellow: noob don't even know how strong 4 wyrms is?
(18:09 / All) Yellow: 14 hp tp
(19:14 / Allies) Yellow: let's hit
(19:33 / Allies) Yellow: damn red massing hawk
(20:58 / All) Yellow: LOL
(20:59 / All) Yellow: FREEE AM
(21:01 / All) GILAVILADILA: LOL RED
(21:09 / All) DaHeathen: where was he lol
(21:15 / All) Yellow: he was running out of blue base
(21:17 / All) Yellow: With am leading his army
(21:21 / All) Yellow: and so I just instakilled his am LOL
(21:23 / All) DaHeathen: that's where I was heading
(21:30 / All) DaHeathen: he tped from my bm
(21:32 / All) Yellow: damn taht's a lot of wyrm
(21:44 / Allies) Yellow: help lawl
(22:12 / All) EyeCnewbs: yellow tk
(22:14 / All) EyeCnewbs: you got lucky
(22:18 / All) GILAVILADILA: stfu
(22:23 / All) Yellow: LOL
(22:28 / All) Yellow: blue and red can't defeat 1 tk?
(22:28 / All) GILAVILADILA: he called me a faggot all game
(23:03 / Allies) Yellow: you've had 3 grunts here all game bob
(23:09 / Allies) Yellow: told you a few times lawl
(23:31 / Allies) Yellow: wood?
(23:44 / All) GILAVILADILA: because u guys wouldnt listen to me all game
(23:47 / All) GILAVILADILA: i needed wood
(23:49 / All) GILAVILADILA: u never gave
(23:51 / All) GILAVILADILA: blue did not u teal
(24:07 / Allies) Yellow: share some wood?
(24:22 / Allies) Yellow: you each have a lot
(24:53 / Allies) DaHeathen: dis map suck for wood
(25:04 / Allies) Yellow: you each have a lot but won
(25:05 / Allies) Yellow: share
(25:39 / Allies) DaHeathen: I'm fixin to retake my exdpo
(25:52 / All) Yellow: ty for cloud yellow
(25:54 / All) Yellow: [pro lcoiud
(25:57 / All) GILAVILADILA: ur very welcome
(26:05 / All) Yellow: that's sick lawl
(26:23 / All) Yellow: recast
(27:23 / All) GILAVILADILA: gila did a good job
(27:26 / All) GILAVILADILA: of towering her expo
(27:30 / All) Yellow: I am im;pressedad
(27:31 / All) GILAVILADILA: the on ly one of u 3 to do so
(27:39 / All) gila16: you like that?
(27:40 / All) Yellow: it even has trihero
(27:44 / All) Yellow: claws +15 damn
(27:46 / All) Yellow: on the gila bm
(27:47 / All) GILAVILADILA: kirk cousins u like thatttttt
(27:52 / All) Yellow: has +20 dmg with orb to
(28:00 / All) Yellow: you ngigers up for more wc3 after this match?
(28:14 / All) GILAVILADILA: i think teal is gonna hall my base lawl
(28:16 / All) Yellow: oops don't mean to attack your expo with those tanks
(28:19 / All) GILAVILADILA: only helps u guys
(28:31 / All) g00dz: im not a faggot like u
(28:34 / All) g00dz: who gets mad at name calling
(28:36 / All) g00dz: are u 5
(29:12 / All) GILAVILADILA: lol
(29:15 / All) GILAVILADILA: teal called me a faggot
(29:19 / All) Yellow: he's a faggot
(32:00 / Allies) Yellow: wtf didn't meant to mass tp those lawl
(32:08 / Allies) Yellow: guess I can expo at blue
(33:59 / All) Yellow: Teal is the only legit player left
(34:06 / All) DaHeathen: did I finally get bats for nothing
(34:07 / All) GILAVILADILA: he is not legit
(34:08 / Allies) gila16: gonna hit him
(34:13 / All) Yellow: he's more legit than us
(35:39 / All) DaHeathen: teal suicided himself?
(35:46 / All) GILAVILADILA: not sure
(35:50 / All) GILAVILADILA: hes angry at me
(35:52 / All) DaHeathen: lol
(36:32 / All) GILAVILADILA: dont take it personal teal, ur my champion
(37:17 / All) GILAVILADILA: first person to kill archmage gets pics of my sister
(37:39 / All) Yellow: not surew ho got it
(37:41 / All) GILAVILADILA: i think gila did the deed
(37:48 / All) gila16: it was me
(37:53 / All) GILAVILADILA: do u want to see my 500 pound sister
(38:05 / All) gila16: i like dudes, not chicks
(38:08 / All) gila16: so no
(38:43 / All) Yellow: SEND ME THE PICS OF UR SISTER I WILL POST THEM ON GAMEFAQS ON YOUR THERWADS
(38:57 / All) Yellow: you three up for mre afrer this?
(39:12 / All) DaHeathen: not me
(39:24 / All) DaHeathen: gonna microwave a burrito and have sex with it
(39:28 / All) Yellow: damn
(39:36 / All) Yellow: still probably better fucking than green's vagina
(39:37 / All) gila16: fun game
(39:43 / Allies) gila16: hey!
(39:44 / All) GILAVILADILA: lol
(39:55 / All) GILAVILADILA: dont let them offend u gila. they were dicks to me too
(39:59 / All) DaHeathen: green are you transitioning
(40:03 / All) GILAVILADILA: im the nicest guy of the bunch
(40:21 / All) Yellow: flamechamp you play mroe after?
(40:27 / All) GILAVILADILA: i dunno
(40:30 / All) Yellow: k
(40:34 / All) Yellow: where you from
(40:40 / All) DaHeathen: backdoor beauty?
(40:45 / All) gila16: ewww...gross
(40:49 / All) GILAVILADILA: farmers only
(40:50 / All) GILAVILADILA: plz
(40:52 / All) Yellow: where you from
(40:57 / All) GILAVILADILA: california
(40:58 / All) gila16: TX
(41:00 / All) GILAVILADILA: fresno
(41:06 / All) DaHeathen: are ayou a border hopper
(41:21 / All) Yellow: only teal left end your side
(41:53 / All) DaHeathen: green do you eat a lot of beans
(42:10 / All) gila16: tex mex is popular here
(42:16 / All) Yellow: Are you what they may call.........
(42:19 / All) Yellow: a BEANER?
(42:24 / All) Yellow: HUH?
(42:33 / All) gila16: becfause I am from TX?
(42:41 / All) gila16: generalize much?
(42:42 / All) DaHeathen: because you hopped the border
(42:45 / All) DaHeathen: and broke our laws
(42:57 / All) GILAVILADILA: ill let u kil me gila
(43:32 / All) Yellow: damn +23
(43:39 / All) Yellow: imagine if you had clwas +15 on that
(43:43 / All) gila16: woohooo that was fun :)
(43:47 / All) DaHeathen: imagine if I had 4 of them
(43:56 / All) gila16: you just laid back and let me straddle you, huh?
(43:59 / All) DaHeathen: anything to say for yourself teal?
(44:01 / All) GILAVILADILA: ya
(44:07 / All) GILAVILADILA: im a dirty white boy
(44:46 / All) gila16: i am been called a naughty guera
(44:57 / Allies) gila16: by my hispanic friends
(45:01 / All) DaHeathen: are you a proud protestant
(45:15 / All) gila16: hmmmm
(45:27 / All) DaHeathen: in my church they say no hymen no diamond
(45:30 / All) gila16: i guess more of a culture protestant??
(45:35 / All) GILAVILADILA: how long have u played wc3 gila, we've been doing this for like 10 yrs
(45:53 / All) GILAVILADILA: im the leader of the trio
(45:55 / All) gila16: 2-3 years i guess
(45:59 / All) GILAVILADILA: i inspire them
(46:00 / All) Yellow: ME AND BOB LEAD
(46:03 / All) DaHeathen: yellow is the jester
(46:03 / All) GILAVILADILA: they look up to me
(46:04 / All) gila16: ex-BF turned me onto it
(46:18 / All) Yellow: what's your facebook green
(46:23 / All) Yellow: we organise games through it
(46:27 / All) DaHeathen: what's your tumblr
(46:37 / All) gila16: yeah, that doesnt sound the LEAST BIT creepy
(46:40 / All) GILAVILADILA: i actually like her, she did fine.
(46:40 / All) DaHeathen: tumblr.com/goblinnigromancer
(46:58 / All) Yellow: Guess if you don't want to share facebook then it's goodbye and see ya never
(46:59 / All) GILAVILADILA: purple is the creep of our group. yellow (oj) is french canadian
(47:06 / All) Yellow: since it's what we use for communication
(47:14 / All) gila16: friend me on here
(47:21 / All) gila16: i will try to get on tomorrow
(47:25 / All) gila16: we can stab again :)
(47:30 / All) GILAVILADILA: u play wow?
(47:33 / All) DaHeathen: go to my tumblr
(47:39 / All) GILAVILADILA: i trade wow for amazon creditt
(47:43 / All) Yellow: why not just use social media like us
(47:44 / All) gila16: havent in years
(47:58 / All) GILAVILADILA: cuz u and purple are creeps
(48:00 / All) gila16: yeah, you mentioned that last time
(48:01 / All) GILAVILADILA: big time
(48:03 / All) DaHeathen: I'm kind of a big deal on tumblr
(48:06 / All) gila16: you never said how much though
(48:16 / All) gila16: haha...cute
(48:17 / All) Yellow: you can trust me I'm not a creep I have over 1k friends
(48:20 / All) GILAVILADILA: like in the last year prob 400 bux amazon credit. i bought a ton of ps3 games
(48:24 / All) gila16: i liked episode 7 too
(48:32 / All) Yellow: episode 7 was shit
(48:38 / All) DaHeathen: http://goblinnigromancer.tumblr.com/
(48:45 / All) gila16: okay
(49:05 / All) GILAVILADILA: im adding gila i like her. u guys only like us 3
(49:13 / All) gila16: teal is still here
(49:15 / All) Yellow: G.I.R.L lawl
(49:18 / All) DaHeathen: yellow like anime
(49:25 / All) GILAVILADILA: teal is probably like "who da fuk are these guy s"
(49:32 / All) GILAVILADILA: i love naruto
(49:43 / All) gila16: what is the G in G.I.R.L?
(49:45 / All) DaHeathen: yellow likes japanese entertainment
(49:51 / All) DaHeathen: guy
(49:59 / All) gila16: oh..duh :)
(50:09 / All) DaHeathen: what is your favorite anime yellow
(50:11 / All) gila16: i knew it meant dude, but couldnt figure out the acronym
(50:18 / All) Yellow: lol
(50:42 / All) gila16: so shall we destroy our towns now??
(50:44 / 4) Yellow: want to quickly tk green?
(51:14 / All) gila16: woohooo - i got satan
(51:21 / All) gila16: triple 6 hereos
(51:46 / All) Yellow: two rings of prot +2 lawl
(52:01 / All) DaHeathen: any they called it
(52:07 / All) DaHeathen: PUPPPPPYYY LLOOOOVVVE
(52:42 / All) gila16: orange is TK-ing me!!
(53:20 / All) DaHeathen: green do you like robocop
(53:34 / All) gila16: yes
(53:41 / All) gila16: it was filmed in my hometown
(53:47 / All) gila16: at least that is what my parents said
(53:55 / All) gila16: original one
(54:13 / All) DaHeathen: do you mean to tell me it wasn't filmed in detroit
(54:17 / All) Yellow: You're from Dallas?
(54:23 / All) gila16: yes I am
(54:44 / All) DaHeathen: the second one is not very good either
(54:48 / All) DaHeathen: first one masterpiece
(55:02 / All) gila16: i've seen bits only
(55:07 / All) gila16: it's friggin old
(55:10 / All) DaHeathen: ...
(55:22 / All) GILAVILADILA: gila i got a question
(55:23 / All) DaHeathen: do you have ADHD
(55:28 / All) GILAVILADILA: out of me purple and oj, who is the most normal
(55:39 / All) Yellow: lol
(55:39 / All) gila16: you both are creepers :)
(55:45 / All) GILAVILADILA: all or only 2?
(55:55 / All) GILAVILADILA: if u had to pick i mean, who is most normal
(56:10 / All) gila16: neither..both are equal
(56:18 / All) GILAVILADILA: damn
(56:23 / All) GILAVILADILA: bob is a true creep so is rod
(56:28 / All) Yellow: lol
(56:34 / All) DaHeathen: that's not my understanding
(56:36 / All) GILAVILADILA: dont bode well for me
(56:46 / All) GILAVILADILA: im definitely the most gentlemen of us 3
(56:48 / All) Yellow: We don't jerk it to Goku prints at least lawl
(56:50 / All) DaHeathen: my understanding is that you jackoff to dbz hentai
(57:18 / All) GILAVILADILA: they always pick on me u see
(57:26 / All) gila16: yeah, I can tell
(57:30 / All) GILAVILADILA: im the vin disel of the group, strong and able
(57:31 / All) gila16: you like the attention
(57:52 / All) DaHeathen: green how do you not manage to watch a movie all the way thru
(57:54 / All) DaHeathen: that's less than 2 hours
(58:00 / All) DaHeathen: and is entertainign as fuck
(58:03 / All) Yellow: lol
(58:29 / All) gila16: it's been on tv..and my dad was watching it
(58:33 / All) GILAVILADILA: do u like the cowboys
(58:34 / All) gila16: a couple of times
(58:38 / All) DaHeathen: download it
(58:39 / All) GILAVILADILA: tony romo?
(58:40 / All) gila16: and I saw bits and pieces
(59:06 / All) gila16: yes..although he only has a couple seasons left
(59:08 / All) gila16: at most
(59:14 / All) GILAVILADILA: i dunt like dez hes a thug
(59:26 / All) gila16: but a good WR
(59:33 / All) DaHeathen: he's a nagger
(59:35 / All) GILAVILADILA: ill call him a good athlete
(59:39 / All) GILAVILADILA: not a wr tho
(59:55 / All) Yellow: I think I'm starting to sober up a bit
(60:16 / All) DaHeathen: TRAITOR
(60:17 / All) gila16: always a good thing :)
(60:29 / All) GILAVILADILA: u shouldn't have said ur a girl now these two will act all strange
(60:31 / All) Yellow: :))))))))))))))))))))))))))))))))))))
(60:34 / All) GILAVILADILA: i wont let them bother u tho
(60:37 / All) Yellow: :^(
(60:50 / All) gila16: thanks..I think
(61:05 / All) DaHeathen: he's BIG
(61:08 / All) DaHeathen: and will keep you safe
(61:14 / All) Yellow: Yellow is a real big man
(61:17 / All) DaHeathen: lol
(61:31 / All) DaHeathen: he was always first out in dodgeball
(61:36 / All) DaHeathen: but crab soccer he dominated
(61:36 / All) Yellow: you can be fit and fat purple
(61:41 / All) Yellow: he's fit, just big
(61:42 / All) GILAVILADILA: i never got picked last
(62:00 / All) gila16: alright, let's end it
(62:05 / All) gila16: time to get to sleep
(62:09 / All) GILAVILADILA: me 2
(62:11 / All) DaHeathen: jake were you always first otu in dodgeball
(62:12 / All) Yellow: purple is expreessing some serious fatphobia here
(62:14 / All) GILAVILADILA: how do we contact u again
(62:25 / All) gila16: friend me here on this account
(62:26 / All) Yellow: it said to whisper w/e its name in war3 was
(62:27 / All) DaHeathen: add gila15 to your friends list
(62:32 / All) Yellow: on gila16?
(62:34 / All) gila16: i should be able to get on tomorrow night
(62:36 / All) Yellow: will you be on that account?
(62:39 / All) Yellow: or your other one?
(62:42 / All) GILAVILADILA: we may be on tomorrow nigt
(62:52 / All) GILAVILADILA: how u see
(62:53 / All) gila16: if we play again, will we need new accounts?
(62:53 / All) Yellow: I'm free basically all THursday
(62:57 / All) GILAVILADILA: end the game fools
(62:57 / All) Yellow: yes
(62:58 / All) GILAVILADILA: ya
(63:02 / All) Yellow: we need identical 0-0 accounts
(63:02 / All) GILAVILADILA: just stay on gila15 tho
(63:03 / All) DaHeathen: jake
(63:06 / All) gila16: okay, then friend gila15
(63:09 / All) DaHeathen: were you always first out in dodgeball
(63:13 / All) gila16: okay
(63:16 / All) GILAVILADILA: no not always
(63:23 / All) DaHeathen: I used to matrix that shit
(63:25 / All) GILAVILADILA: end the game i wanna go to bed
(63:42 / All) gila16: same..it is 1:30